 Dungeon Crawl Stone Soup version 0.29.1-13-g9f3cf754e1 (webtiles) character file.

Game seed: 13128536965911798827

5305 bubby the Cleaver (level 10, 0/70 HPs)
             Began as a Vine Stalker Fighter on Jan 25, 2023.
             Was a Follower of Makhleb.
             Succumbed to a water moccasin's poison
             ... on level 9 of the Dungeon.
             The game lasted 00:29:08 (8271 turns).

bubby the Cleaver (Vine Stalker Fighter)            Turns: 8271, Time: 00:29:09

Health: 0/70       AC:  8    Str: 24    XL:     10   Next: 64%
Magic:  5/11       EV: 10    Int:  8    God:    Makhleb [*.....]
Gold:   542        SH:  6    Dex: 19    Spells: 9/9 levels left

rFire   . . .      SeeInvis +   J - +3 war axe (vorpal)
rCold   . . .      Faith    .   c - +0 buckler
rNeg    . . .      Spirit   +   B - +2 ring mail {rPois}
rPois   +          Reflect  .   (no helmet)
rElec   .          Harm     .   (no cloak)
rCorr   .          Rampage  .   (no gloves)
Will    +....                   C - +0 pair of boots
Stlth   ..........              N - amulet of magic regeneration
HPRegen 1.01/turn               i - ring of see invisible
MPRegen 0.52/turn               y - +6 ring of dexterity

@: berserking, lethally poisoned (0 -> -6), studying Shields, very quick
A: fangs 3, regeneration 1, magic shield, antimagic bite, no potion heal 2
a: Renounce Religion


You were on level 9 of the Dungeon.
You worshipped Makhleb.
Makhleb was aware of your devotion.
You visited 2 branches of the dungeon, and saw 10 of its levels.
You also visited: Ossuary.

You collected 542 gold pieces.

Inventory:

Hand Weapons
 a - a +0 short sword of flaming
 s - the +3 quarterstaff of the People {antimagic, rPois rN++}
   (You found it on level 8 of the Dungeon)

   It reduces the magical energy of the wielder, and disrupts the spells and
   magical abilities of those it strikes.
   Natural abilities and divine invocations are not affected.
   rPois:     It protects you from poison.
   rN:        It greatly protects you from negative energy.
 J - a +3 vorpal war axe (weapon)
 R - a +2 whip of flaming
Missiles
 b - 4 javelins
 h - 27 poisoned darts (quivered)
 j - a curare-tipped dart
Armour
 c - a +0 buckler (worn)
 B - a +2 ring mail of poison resistance (worn)
 C - a +0 pair of boots (worn)
Jewellery
 i - a ring of see invisible (left hand)
 v - a ring of magical power
 y - a +6 ring of dexterity (right hand)
 K - a ring of protection from cold
 N - an amulet of magic regeneration (around neck)
 O - a +4 ring of evasion
Wands
 p - a wand of iceblast (22)
 w - a wand of paralysis (16)
 E - a wand of flame (14)
 H - a wand of digging (6)
 I - a wand of light (11)
Scrolls
 e - 5 scrolls of fear
 g - 4 scrolls of immolation
 n - 2 scrolls of enchant armour
 o - 3 scrolls of butterflies
 r - 3 scrolls of teleportation
 z - 2 scrolls of noise
 A - a scroll of poison
 F - a scroll of enchant weapon
 G - 3 scrolls of blinking
Potions
 d - a potion of might
 f - 3 potions of invisibility
 k - 2 potions of flight
 l - 4 potions of mutation
 m - a potion of resistance
 q - 2 potions of haste
 t - 2 potions of attraction
 u - 2 potions of lignification
 x - 4 potions of curing
 D - a potion of ambrosia


   Skills:
 - Level 2.6 Fighting
 * Level 13.9 Axes
 - Level 2.4 Armour
 + Level 4.7 Shields


You had 9 spell levels left.
You didn't know any spells.
Your spell library contained the following spells:

 Spells                   Type           Power      Damage    Failure   Level
 Apportation              Tloc           0%         N/A       65%         1
 Freeze                   Ice            0%         1d3       65%         1
 Necrotise                Necr           0%         1d4       65%         1
 Summon Small Mammal      Summ           0%         N/A       65%         1
 Frozen Ramparts          Ice            0%         1d1       95%         3
 Ozocubu's Armour         Ice            0%         N/A       95%         3
 Hailstorm                Conj/Ice       0%         3d3       100%        4
 Summon Lightning Spire   Summ/Air       0%         N/A       100%        4
 Metabolic Englaciation   Hex/Ice        0%         N/A       100%        5
 Dispersal                Tloc           0%         N/A       100%        6
 Simulacrum               Ice/Necr       0%         N/A       100%        6
 Storm Form               Tmut/Air       0%         N/A       100%        7
 Disjunction              Tloc           0%         N/A       100%        8
 Maxwell's Capacitive Co  Air            0%         ∞         100%        8


Dungeon Overview and Level Annotations

Branches:
Dungeon (9/15)             Temple (1/1) D:5         Ossuary (visited)
   Lair: D:8-11         Orc: D:9-12

Altars:
Ashenzari
Cheibriados
Dithmenos
Elyvilon
Fedhas
Gozag
Hepliaklqana
Kikubaaqudgha
Makhleb
Nemelex Xobeh
Okawaru
Qazlal
Ru
Sif Muna
Trog
Uskayaw
Vehumet
Wu Jian
Xom
Yredelemnul
Zin
The Shining One

Shops:
D:6 :   D:7 [


Innate Abilities, Weirdness & Mutations

You have razor-sharp teeth.
Your natural rate of healing is unusually fast.
When hurt, damage is shared between your health and your magic reserves.
Your bite disrupts and absorbs the magic of your enemies.
Potions cannot restore your health.


Message History

You miss the water moccasin.
You feel sick. The water moccasin closely misses you.
The kobold brigand hits you with a +2 dagger of venom.
* * * LOW HITPOINT WARNING * * *
You are more poisoned.
You slash the kobold brigand!
You kill the kobold brigand!
Makhleb accepts your kill.
You completely miss the water moccasin. You miss the kobold.
You feel very sick.
The water moccasin bites you but does no damage.
You block the kobold's attack.
You closely miss the kobold. You slash the water moccasin!
You feel sick.
The water moccasin bites you but does no damage.
The kobold hits you but does no damage. The water moccasin bites you.
* * * LOW HITPOINT WARNING * * *
Unknown command.
You closely miss the kobold. Your bite misses the kobold.
You closely miss the water moccasin.
You feel sick. The water moccasin bites you!
* * * LOW HITPOINT WARNING * * *
You are lethally poisoned!
The water moccasin poisons you! The kobold hits you but does no damage.
You are too berserk!
You barely miss the kobold. You hit the water moccasin.
* * * LOW HITPOINT WARNING * * *
You feel very sick.
The water moccasin bites you but does no damage.
You block the kobold's attack.
You slash the water moccasin!
You kill the water moccasin!
Makhleb accepts your kill.
You can now gain health from killing.
You hit the kobold.
You kill the kobold!
Makhleb accepts your kill.
* * * LOW HITPOINT WARNING * * *
You feel very sick.
Your life force feels restored.
You feel yourself speed up.
You die...

#########P...P.
.......#..........PP.P..
........#...........PP...
).......#..........P.P.P.
......................PPP
.........................
........................P
.................))..P.P.
................@))......
........#########))......
................#........
................#........
................#........
................#........
................#........
................#........
................


There were no monsters in sight!

Vanquished Creatures
  Sigmund (D:5)
  A vampire mosquito (D:5)
  Menkaure (D:4)
  Edmund (D:4)
  3 water moccasins
  2 orc warriors
  2 black bears
  3 sky beasts
  3 ogres
  4 centaurs
  4 kobold brigands
  A bullfrog (D:7)
  15 scorpions
  6 wights
  4 killer bees
  6 electric eels (D:5)
  3 howler monkeys
  A human zombie (Ossuary)
  A centaur zombie (Ossuary)
  A jelly (D:8)
  3 orc priests
  4 hounds
  5 iguanas
  6 orc wizards
  3 scorpion zombies (Ossuary)
  3 mummies (Ossuary)
  Robin (D:3)
  6 gnolls
  5 adders
  2 shadow imps
  2 white imps
  3 worms
  2 dart slugs
  15 orcs
  6 endoplasms
  5 giant cockroaches
  8 hobgoblins
  6 jackals (D:3)
  30 kobolds
  3 quokkas
  8 ball pythons
  2 bats (D:1)
  A frilled lizard (D:3)
  2 gnoll zombies (Ossuary)
  17 goblins
  3 goblin zombies (Ossuary)
  3 hobgoblin zombies (Ossuary)
  2 kobold zombies (Ossuary)
  7 rats
226 creatures vanquished.

Vanquished Creatures (collateral kills)
  A bullfrog (D:9)
  4 killer bees (D:9)
5 creatures vanquished.

Vanquished Creatures (others)
  38 fungi (D:9)
  53 plants
91 creatures vanquished.

Grand Total: 322 creatures vanquished

Notes
Turn   | Place    | Note
-------+----------+-------------------------------------------
     0 | D:1      | bubby the Vine Stalker Fighter began the quest for the Orb.
     0 | D:1      | Reached XP level 1. HP: 11/11 MP: 2/2
    88 | D:1      | Reached skill level 2 in Axes
   225 | D:1      | Found a faded altar of an unknown god.
   236 | D:1      | Reached XP level 2. HP: 15/16 MP: 3/3
   726 | D:2      | Reached skill level 3 in Axes
   779 | D:2      | Reached XP level 3. HP: 19/19 MP: 4/4
   788 | D:2      | Found a glowing silver altar of Zin.
  1443 | D:2      | Gained mutation: Your natural rate of healing is unusually
                  | fast. [Vine Stalker growth]
  1443 | D:2      | Reached XP level 4. HP: 22/23 MP: 5/5
  1526 | D:2      | Reached skill level 4 in Axes
  1852 | D:3      | Reached XP level 5. HP: 27/27 MP: 6/6
  2006 | D:4      | Noticed Menkaure
  2066 | D:4      | Reached skill level 5 in Axes
  2088 | D:4      | Noticed Edmund
  2123 | D:4      | Killed Edmund
  2124 | D:4      | Reached XP level 6. HP: 18/32 MP: 2/7
  2166 | D:4      | Killed Menkaure
  2167 | D:4      | Reached skill level 6 in Axes
  2226 | D:3      | Reached XP level 7. HP: 35/35 MP: 6/8
  2358 | D:3      | Noticed Robin
  2383 | D:3      | Killed Robin
  3068 | D:4      | Reached skill level 7 in Axes
  3532 | D:5      | Entered Level 5 of the Dungeon
  4270 | D:6      | Found Souddoimo's Book Boutique.
  4749 | D:5      | Reached skill level 8 in Axes
  4817 | D:5      | Found a staircase to the Ecumenical Temple.
  4843 | Temple   | Entered the Ecumenical Temple
  4874 | D:5      | Gained mutation: You have razor-sharp teeth. [Vine Stalker
                  | growth]
  4874 | D:5      | Reached XP level 8. HP: 39/39 MP: 7/9
  4976 | D:5      | Noticed Sigmund
  5002 | D:5      | Killed Sigmund
  5003 | D:5      | Reached skill level 9 in Axes
  5250 | D:5      | Reached skill level 10 in Axes
  5636 | D:5      | Reached XP level 9. HP: 32/43 MP: 10/10
  6094 | D:7      | Reached skill level 11 in Axes
  6148 | D:7      | Found Eryanuz's Antique Armour Emporium.
  6372 | D:7      | Found a sand-covered staircase.
  6377 | Ossuary  | Entered an ossuary
  6412 | Ossuary  | Reached skill level 12 in Axes
  6571 | Ossuary  | Reached XP level 10. HP: 42/47 MP: 11/11
  6933 | D:7      | Found a hazy altar of Hepliaklqana.
  6982 | D:7      | Reached skill level 13 in Axes
  7443 | D:8      | Identified a scroll of acquirement
  7443 | D:8      | Acquired a manual of Shields
  7493 | D:8      | Identified the +3 quarterstaff of the People {antimagic,
                  | rPois rN++}
  7753 | D:8      | Found a basalt altar of Yredelemnul.
  7775 | D:8      | Found a burning altar of Makhleb.
  7777 | D:8      | Found a hide-covered altar of Uskayaw.
  7778 | D:8      | Found a white marble altar of Elyvilon.
  7785 | D:8      | Became a worshipper of Makhleb the Destroyer
  8270 | D:9      | Reached * piety under Makhleb
  8270 | D:9      | HP: 2/69 [poisoned by a water moccasin]
  8271 | D:9      | Succumbed to a water moccasin's poison

Illustrated notes

Levels and vault maps discovered:
D:1:      dpeg_arrival_round_b, layout_basic, hellmonk_ecumenical_altar_blasted
D:2:      layout_rooms, basic_altar
D:3:      wad_lake_hut, layout_loops_cross, uniq_robin
D:4:      layout_basic, uniq_edmund, uniq_menkaure
D:5:      cheibrodos_two_vegetables, layout_layer_cave,
          minmay_temple_entry_offerings, uniq_sigmund
D:6:      layout_loops_ring, serial_shops, shop_statue,
          kennysheep_generic_room_5
D:7:      layout_basic, lemuel_doored_altar, enter_ossuary_2, serial_shops,
          shop, solitary_fountain
D:8:      layout_basic, mainiacjoe_overflow_alcove_3, grunt_tough_drop
D:9:      layout_grid_maze, due_lair_maze_entry_diamond
Temple:   sentei_temple_godly_chess

Skill      XL: |  1  2  3  4  5  6  7  8  9 10 |
---------------+-------------------------------+-----
Axes           | 2 3 4 5 6 8 10 12 13 | 13.9
Shields        | 4 |  4.7
Fighting       | |  2.6
Armour         | |  2.4

Action                   |  1- 3 |  4- 6 |  7- 9 | 10-12 || total
-------------------------+-------+-------+-------+-------++-------
Melee: War axe           |    64 |    26 |   109 |   114 ||   313
       Bite              |    16 |    21 |    91 |    30 ||   158
       Whip              |       |    61 |   189 |       ||   250
Evoke: Wand              |       |       |    12 |       ||    12
  Use: Scroll            |       |     2 |       |    23 ||    25
       Potion            |       |       |       |     1 ||     1
 Stab: Sleeping          |       |       |     1 |       ||     1
Armor: Scale mail        |    28 |    26 |    17 |       ||    71
       Ring mail         |       |       |    50 |    32 ||    82
Dodge: Dodged            |    39 |    37 |   114 |    45 ||   235
Block: Buckler           |    11 |    18 |    60 |    23 ||   112
